 Dungeon Crawl Stone Soup version 0.27-a0-1206-g6342a01c75 (webtiles) character file.

Game seed: 17022278020643967391

1428 Glokmah the Ruffian (level 8, -18/67 HPs)
             Began as a Pale Draconian Transmuter on June 5, 2021.
             Was an Initiate of Qazlal.
             Demolished by an orc warrior
             ... wielding a +4 battleaxe
              (21 damage)
             ... on level 5 of the Dungeon.
             The game lasted 00:09:56 (6039 turns).

Glokmah the Ruffian (Pale Draconian Transmuter)     Turns: 6039, Time: 00:09:56

Health: -18/67     AC:  2    Str: 14    XL:     8   Next: 44%
Magic:  5/13       EV: 19    Int: 15    God:    Qazlal [......]
Gold:   147        SH:  0    Dex: 16    Spells: 4/14 levels left

rFire    . . .     SeeInvis .     - Unarmed
rCold    . . .     Faith    .   (shield currently unavailable)
rNeg     . . .     Spirit   .   (armour unavailable)
rPois    x         Reflect  .   (helmet currently unavailable)
rElec    .         Harm     .   (cloak currently unavailable)
rCorr    .         Rampage  .   (gloves currently unavailable)
Will     .....                  (boots currently unavailable)
Stlth    +.........             (no amulet)
HPRegen  0.21/turn              (no ring)
MPRegen  0.13/turn              (no ring)

@: lethally poisoned (-18 -> -19), spider-form (expiring), wereblooded
(expiring)
A: venomous fangs, (breathe steam), AC +6, tiny, unfitting armour,
(cold-blooded), (steam resistance)
a: End Transformation, Renounce Religion


You were on level 5 of the Dungeon.
You worshipped Qazlal.
Qazlal was noncommittal.
You were a venomous arachnid creature.
You visited 2 branches of the dungeon, and saw 7 of its levels.

You collected 147 gold pieces.

Inventory:

Missiles
 d - 29 poisoned darts
Armour
 j - a scarf of shadows (melded)
 l - a +0 cloak
Jewellery
 a - a ring of ice
Wands
 e - a wand of iceblast (7)
 k - a wand of charming (4)
 m - a wand of paralysis (12)
Scrolls
 g - 5 scrolls of teleportation
 n - a scroll of summoning {unknown}
Potions
 b - a potion of mutation {unknown}
 c - a potion of might
 f - 2 potions of degeneration
 h - a potion of attraction {unknown}
 i - 3 potions of curing


   Skills:
 + Level 4.3 Fighting
 - Level 1.7 Dodging
 * Level 6.2 Unarmed Combat
 + Level 3.8 Spellcasting
 * Level 4.9 Transmutations
 + Level 0.2 Ice Magic
 + Level 2.9 Poison Magic
 * Level 4.3 Invocations


You had 4 spell levels left.
You knew the following spells:

 Your Spells              Type           Power      Damage    Failure   Level
a - Beastly Appendage     Tmut           34%        N/A       10%         1
b - Wereblood             Tmut           17%        N/A       12%         2
c - Spider Form           Tmut/Pois      7%         N/A       26%         3
d - Ice Form              Ice/Tmut       10%        N/A       75%         4

Your spell library contained the following spells:

 Spells                   Type           Power      Damage    Failure   Level
 Corona                   Hex            2%         N/A       38%         1
 Magic Dart               Conj           8%         1d3       38%         1
 Ensorcelled Hibernation  Hex/Ice        6%         N/A       47%         2
 Searing Ray              Conj           4%         3d3       50%         2
 Confusing Touch          Hex            2%         N/A       71%         3
 Dazzling Flash           Conj/Hex       4%         N/A       71%         3
 Tukima's Dance           Hex            2%         N/A       71%         3
 Fulminant Prism          Conj/Hex       1%         3d6       96%         4
 Iskenderun's Mystic Bla  Conj/Tloc      2%         2d3       96%         4
 Hydra Form               Tmut           8%         N/A       77%         5


Dungeon Overview and Level Annotations

Branches:
Dungeon (6/15)             Temple (1/1) D:4

Altars:
Cheibriados
Dithmenos
Gozag
Hepliaklqana
Kikubaaqudgha
Okawaru
Qazlal
Ru
Sif Muna
Wu Jian
Yredelemnul


Innate Abilities, Weirdness & Mutations

You are a venomous arachnid creature.
You have poisonous fangs.
You are tiny and dextrous.
Your spellcasting is less reliable in this form.
Your armour is entirely melded.
You are incapable of wielding weapons or throwing items.
((You can breathe blasts of scalding, opaque steam.))
((Your pale cyan-grey scales are hard. (AC +6)))
You cannot fit into any form of body armour.
((You are cold-blooded and may be slowed by cold attacks.))
((You are immune to the effects of steam.))


Message History

You howl as the wereblood boils in your veins!
You feel sick. The adder bites you but does no damage.
Casting: Spider Form (dangerous; 11% risk of failure)
Confirm with . or Enter, or press ? or * to list all spells.
You turn into a venomous arachnid creature.
Your scarf of shadows melds into your body.
The dungeon's light returns to normal.
You feel sick. The adder misses you. The adder bites you.
* * * LOW HITPOINT WARNING * * *
You are more poisoned.
The adder poisons you!
You hit the adder.
You kill the adder!
Qazlal accepts your kill.
* * * LOW HITPOINT WARNING * * *
You feel very sick.
You hit the orc warrior.
The orc warrior is moderately wounded.
You feel sick. The orc warrior completely misses you.
You hit the orc warrior but do no damage.
The orc warrior is poisoned.
The orc warrior is lightly wounded.
You feel sick. The orc warrior completely misses you.
You bite the orc warrior!
The orc warrior looks as sick as possible!
The orc warrior is heavily wounded.
You feel sick.
You feel sick.
You hit the orc warrior but do no damage.
The orc warrior looks as sick as possible!
The orc warrior is severely wounded.
You hiss as the wereblood boils in your veins!
You feel sick. The orc warrior barely misses you.
Your magical contamination has completely faded away.
You feel sick.
Your primal bloodlust is almost over.
You feel sick.
You feel sick.
The orc warrior hits you with a +4 battleaxe!!
You die...

#.# #.# #.###.# #..# #.#
#.# #.# #.# ##.# #.#
#.######.###.# #.# ###.#
#.........##.########.#
#...#
#.######..............#
#.#.# #.#
#..##[########## #...#
#.######..##.# ##.##
#.........##.# #.#
#.######.s##.# #.#
#.#......o##.# #.#
#.#.#####K##.# #.#
#..>..K.K.##)# #.#
###)########.# ### #.#
##>## #.# ##.### #.#
#.KK#######.########.....
#.#
#.#...................###
#.#
#...########.############


You could see an orc warrior (extremely poisoned) and 2 kobolds.

Vanquished Creatures
  Pikel (D:5)
  Prince Ribbit (D:5)
  2 ogres
  A kobold brigand (D:5)
  A howler monkey (D:5)
  A bullfrog zombie (D:5)
  5 hounds
  A jelly (D:4)
  Ijyb (D:4)
  A scorpion zombie (D:5)
  Jessica (D:3)
  An iguana (D:4)
  An orc wizard (D:4)
  5 adders
  2 white imps
  2 ufetubi
  2 adder skeletons (D:4)
  4 dart slugs
  10 orcs
  4 ball pythons
  7 endoplasms
  6 giant cockroaches
  9 goblins
  4 hobgoblins
  5 jackals
  7 kobolds
  5 quokkas
  5 bats
  7 rats
102 creatures vanquished.

Vanquished Creatures (others)
  3 plants (D:1)
3 creatures vanquished.

Grand Total: 105 creatures vanquished

Notes
Turn   | Place    | Note
-------+----------+-------------------------------------------
     0 | D:1      | Glokmah the Draconian Transmuter began the quest for the
                  | Orb.
     0 | D:1      | Reached XP level 1. HP: 16/16 MP: 3/3
   298 | D:1      | Reached XP level 2. HP: 19/23 MP: 3/5
   312 | D:1      | Learned a level 2 spell: Wereblood
   685 | D:1      | Found a faded altar of an unknown god.
  1067 | D:2      | Reached XP level 3. HP: 29/29 MP: 2/6
  1199 | D:2      | Found a basalt altar of Yredelemnul.
  1911 | D:3      | Reached XP level 4. HP: 30/36 MP: 4/7
  1923 | D:3      | Reached skill level 4 in Unarmed Combat
  1933 | D:3      | Learned a level 3 spell: Spider Form
  2075 | D:3      | Found an iron altar of Okawaru.
  2270 | D:3      | Noticed Jessica
  2286 | D:3      | Killed Jessica
  2287 | D:3      | Reached XP level 5. HP: 38/42 MP: 5/9
  3022 | D:4      | Noticed an ogre
  3038 | D:4      | Killed an ogre
  3039 | D:4      | Reached skill level 1 in Poison Magic
  3047 | D:4      | Found a staircase to the Ecumenical Temple.
  3055 | Temple   | Entered the Ecumenical Temple
  3175 | Temple   | Became a worshipper of Qazlal Stormbringer
  3199 | D:4      | Reached XP level 6. HP: 35/50 MP: 7/10
  3341 | D:4      | Reached skill level 1 in Invocations
  3798 | D:4      | Noticed Ijyb
  3808 | D:4      | Reached skill level 5 in Unarmed Combat
  3831 | D:4      | Killed Ijyb
  4534 | D:5      | Entered Level 5 of the Dungeon
  4549 | D:5      | Learned a level 4 spell: Ice Form
  4559 | D:5      | Your scales start taking on a pale cyan-grey colour.
  4559 | D:5      | Reached XP level 7. HP: 50/57 MP: 9/11
  4559 | D:5      | Gained mutation: You are immune to the effects of steam.
                  | [Pale Draconian growth]
  5087 | D:5      | Noticed Prince Ribbit
  5097 | D:5      | Killed Prince Ribbit
  5292 | D:5      | Noticed Pikel
  5319 | D:5      | Killed Pikel
  5320 | D:5      | Reached skill level 6 in Unarmed Combat
  5320 | D:5      | Reached XP level 8. HP: 13/66 MP: 7/13
  6039 | D:5      | HP: 3/67 [poisoned by an adder]
  6039 | D:5      | Demolished by an orc warrior

Illustrated notes

Levels and vault maps discovered:
D:1:      minmay_arrival_arboretum_small, layout_basic, serial_forest,
          infiniplex_forest_lined_3_way, infiniplex_forest_straight_2,
          infiniplex_forest_clump_medium, infiniplex_forest_lined_3_way,
          infiniplex_forest_clump_tiny, infiniplex_forest_clump_tiny,
          infiniplex_forest_lined_room_2, infiniplex_forest_lined_4_way,
          basic_ecumenical_altar
D:2:      layout_basic, basic_altar
D:3:      layout_basic, okawaru_metal_pillars_1_2, uniq_jessica
D:4:      layout_basic, minmay_temple_entry_statues_pillars, uniq_ijyb
D:5:      layout_loops_ring, uniq_prince_ribbit1, uniq_pikel
D:6:      layout_basic, overflow_temple_1_default, minitemple,
          grunt_ministairs_2, uniq_duvessa
Temple:   dpeg_three_leaves_temple

Skill      XL: |  1  2  3  4  5  6  7 |
---------------+----------------------+-----
Fighting       | 2 3 4 |  4.3
Unarmed Combat | 4 5 6 |  6.2
Transmutations | 3 4 |  4.9
Poison Magic   | 1 2 |  2.9
Spellcasting   | 3 |  3.8
Invocations    | 2 4 |  4.3
Dodging        | |  1.7
Ice Magic      | |  0.2

Action                   |  1- 3 |  4- 6 |  7- 9 || total
-------------------------+-------+-------+-------++-------
Melee: Unarmed           |   119 |   153 |    78 ||   350
       Kick              |    20 |     6 |     7 ||    33
       Tailslap          |    11 |     9 |     6 ||    26
       Punch             |     2 |     4 |       ||     6
       Headbutt          |    14 |    11 |     7 ||    32
 Cast: Beastly Appendage |    25 |    10 |     4 ||    39
       Wereblood         |     7 |     3 |     4 ||    14
       Spider Form       |       |    10 |     6 ||    16
 Abil: Breathe Steam     |       |       |     1 ||     1
Evoke: Wand              |       |       |     1 ||     1
  Use: Scroll            |       |     5 |       ||     5
 Stab: Paralysed         |       |       |     3 ||     3
Armor: Skin              |    34 |    29 |    14 ||    77
Dodge: Dodged            |    79 |   102 |    79 ||   260

Table legend: (Time is in decaauts)
 A = Elapsed time spent in this place.
 B = Non-inter-level travel time spent in this place.
 C = Inter-level travel time spent in this place.
 D = Time resting spent in this place.
 E = Time spent auto-exploring this place.
 F = Levels seen in this place.
 G = Mean time per level.
                   A        B        C        D        E       F      G
               +--------+--------+--------+--------+--------+-----+--------+
         Total |   6018 |   5767 |    251 |    321 |   4462 |   7 |  859.7 |
       Dungeon |   5882 |   5637 |    245 |    321 |   4388 |   6 |  980.3 |
        Temple |    135 |    129 |      6 |      0 |     74 |   1 |  135.0 |
               +--------+--------+--------+--------+--------+-----+--------+

Top non-repeatable levels by time:
     D:5: 1490 daAuts
     D:4: 1477 daAuts
     D:3: 1162 daAuts
     D:1: 1059 daAuts
     D:2: 681 daAuts
  Temple: 135 daAuts
     D:6: 9 daAuts
